 Dungeon Crawl Stone Soup version 0.31-a0-544-gceb718ecc6 (webtiles) character file.

Game seed: 924032856371185743

1430 lunkers the Martial Artist (level 9, 0/64 HPs)
             Began as a Meteoran Shapeshifter on Aug 15, 2023.
             Was an Initiate of Ru.
             Slain by an orc
             ... wielding a +0 club
              (4 damage)
             ... on level 6 of the Dungeon.
             The game lasted 00:09:31 (2746 turns).

lunkers the Martial Artist (Meteoran Shapeshifter)  Turns: 2746, Time: 00:09:31

Health: 0/64       AC:  6    Str: 16    XL:     9   Next: 23%
Magic:  10/10      EV: 15    Int: 11    God:    Ru [......]
Gold:   539        SH:  0    Dex: 25    Spells: 8/8 levels left

rFire   . .          .
                       - Unarmed
rCold   . . .        (no shield)
rNeg    . . .        l - +0 scale mail
rPois   .            (helmet currently unavailable)
rElec   .            (cloak currently unavailable)
rCorr   .            (gloves currently unavailable)
SInv    .            (boots currently unavailable)
Will    +....        (no amulet) Stlth
                     j - +5 ring of evasion
HPRegen 0.30/turn    n - +6 ring of dexterity
MPRegen 0.12/turn

%: no passive effects
@: beast-form, glowing
A: beast (slay +4), sense surroundings 2, no stealth, otherworldly, glowing,
explore regen
a: Begin Untransformation, Renounce Religion


You were on level 6 of the Dungeon.
You worshipped Ru.
Ru was noncommittal.
You were a hulking beast.
You visited 1 branch of the dungeon, and saw 6 of its levels.

You collected 539 gold pieces.

Inventory:

Armour
 a - a +0 animal skin
 l - a +0 scale mail (worn)
 p - a +0 kite shield
 t - a +0 cloak
Jewellery
 j - a +5 ring of evasion (left hand)
 n - a +6 ring of dexterity (right hand)
 q - a ring of see invisible
 s - a ring of wizardry
 w - a ring of protection from cold
Talismans
 c - a beast talisman (active)
 d - a flux talisman
Wands
 u - a wand of mindburst (15)
 v - a wand of light (9)
Scrolls
 g - 2 scrolls of teleportation
 y - a scroll of identify
Potions
 b - a potion of lignification
 e - a potion of might
 f - a potion of resistance
 h - 2 potions of haste
 i - a potion of ambrosia {unknown}
 k - 5 potions of brilliance
 m - 2 potions of attraction {unknown}
 o - a potion of berserk rage {unknown}
 r - a potion of degeneration {unknown}
 x - a potion of curing {unknown}


   Skills:
 - Level 1.1 Fighting
 - Level 2.1 Dodging
 * Level 10.8 Unarmed Combat
 + Level 7.1 Shapeshifting


You had 8 spell levels left.
You didn't know any spells.
Your spell library contained the following spells:

 Spells                   Type           Power      Damage    Failure   Level
 Summon Small Mammal      Summ           0%         N/A       80%         1
 Static Discharge         Conj/Air       0%         2-2/arc   90%         2
 Call Canine Familiar     Summ           0%         N/A       99%         3
 Summon Guardian Golem    Hex/Summ       0%         N/A       99%         3
 Volatile Blastmotes      Fire/Tloc      0%         2d10      99%         3
 Airstrike                Air            0%         2d(0-16)  100%        4
 Fulminant Prism          Conj/Hex       0%         3d5       100%        4
 Iskenderun's Mystic Bla  Conj/Tloc      0%         2d3       100%        4
 Summon Lightning Spire   Summ/Air       0%         N/A       100%        4


Dungeon Overview and Level Annotations

Branches:
Dungeon (6/15) Zot: 894    Temple (0/1) D:4

Altars:
Dithmenos
Elyvilon
Hepliaklqana
Ru
Trog
Wu Jian
Xom

Portals:
Sewer: D:6


Innate Abilities, Weirdness & Mutations

You are a hulking beast.
Your limbs bulge with bestial killing power. (Slay +4)
You passively map the area around you.
You cannot be stealthy.
You are easily found by Zot.
You glow in the dark.
You regain HP and MP as you explore.


Message History

You hit the gnoll.
You kill the gnoll!
Your Shapeshifting skill increases to level 7!
You swing at nothing.
You punch the gnoll!
The gnoll is severely wounded.
The gnoll hits you with a +0 flail!
* * * LOW HITPOINT WARNING * * *
You punch the gnoll!
You kill the gnoll!
You closely miss the orc warrior. You hit the orc warrior.
You punch the orc warrior, but do no damage.
The orc warrior is lightly wounded.
The gnoll hits you from afar with a +0 halberd!
* * * LOW HITPOINT WARNING * * *
The orc warrior barely misses you.
You punch the orc warrior!
The orc warrior is heavily wounded.
The orc warrior hits you with a +0 mace!
* * * LOW HITPOINT WARNING * * *
The gnoll barely misses you.
You punch the orc warrior!
The orc warrior is almost dead.
The gnoll closely misses you. The orc warrior barely misses you.
You punch the orc warrior!
You kill the orc warrior!
The gnoll closely misses you.
Your life force feels restored.
The gnoll hits you with a +0 halberd!
* * * LOW HITPOINT WARNING * * *
Items here: )))) [ †††.
You punch the gnoll!
The gnoll is severely wounded.
You punch the gnoll!
You kill the gnoll!
The orc barely misses you. The worm bites you but does no damage.
You see here a +0 halberd.
The orc attacks as you move away! The orc hits you with a +0 club.
You die...

,, *,
#.#~~~~~~~#.# ,
###..~~~~~~~..#.
,,.....~~~∩~~~....
*
,g....~~~~~~~....
**
....#~~~~~~~#...,
, **
......~~~~~(.... ,
,,......#..~#.....
*
,..###..wo...#.#.
* . ####h####$# ,
, #)# # ,
*#.######.# , * ,
.........# * ** *
.#####†## * * #
#.# *,*, *
#.#####.# * *, *,
#..<...#......# ,
, **
#.#.###.###.... *


You could see a worm and an orc.

Vanquished Creatures
  Menkaure (D:4)
  2 water moccasins
  An orc warrior (D:6)
  A sky beast (D:4)
  A centaur (D:3)
  2 phantoms
  3 scorpions
  A howler monkey (D:4)
  3 hounds
  Ijyb (D:5)
  5 iguanas
  2 orc wizards
  4 gnolls
  5 adders
  An ufetubus (D:5)
  3 worms
  3 dart slugs
  19 orcs
  2 bats
  7 endoplasms
  3 giant cockroaches
  5 hobgoblins
  8 kobolds
  A quokka (D:2)
  4 ball pythons
  15 frilled lizards
  6 goblins
  2 rats (D:1)
111 creatures vanquished.

Vanquished Creatures (collateral kills)
  An endoplasm (D:4)
1 creature vanquished.

Grand Total: 112 creatures vanquished

Notes
Turn   | Place    | Note
-------+----------+-------------------------------------------
     0 | D:1      | lunkers the Meteoran Shapeshifter began the quest for the
                  | Orb.
     0 | D:1      | Reached XP level 1. HP: 16/16 MP: 2/2
     0 | D:1      | Noticed a large abomination
     0 | D:1      | Noticed an ice dragon
     1 | D:1      | Noticed a large abomination
     3 | D:1      | Noticed a large abomination
     6 | D:1      | Noticed a large abomination
     7 | D:1      | Noticed a shadow dragon
     8 | D:1      | Noticed an ice dragon
     9 | D:1      | Noticed a white draconian
    11 | D:1      | Noticed an orb of fire
    13 | D:1      | Noticed a red draconian
    13 | D:1      | Noticed a large abomination
    15 | D:1      | Noticed an ice dragon
    15 | D:1      | Noticed an iron dragon
    15 | D:1      | Noticed a shadow dragon
    17 | D:1      | Noticed an iron dragon
    17 | D:1      | Noticed a tentacled monstrosity
    17 | D:1      | Noticed a shadow dragon
    19 | D:1      | Noticed an orb of fire
    19 | D:1      | Noticed a large abomination
    72 | D:1      | Reached XP level 2. HP: 22/23 MP: 3/3
    94 | D:1      | Reached skill level 4 in Unarmed Combat
   113 | D:1      | Reached XP level 3. HP: 24/28 MP: 4/4
   373 | D:2      | Reached XP level 4. HP: 34/35 MP: 5/5
   518 | D:2      | Found a sacrificial altar of Ru.
   524 | D:2      | Reached skill level 5 in Unarmed Combat
   531 | D:2      | Became a worshipper of Ru the Awakened
  1003 | D:3      | Reached XP level 5. HP: 38/40 MP: 6/6
  1022 | D:3      | Noticed a centaur
  1034 | D:3      | Killed a centaur
  1035 | D:3      | Reached skill level 6 in Unarmed Combat
  1035 | D:3      | Reached XP level 6. HP: 20/47 MP: 7/7
  1098 | D:4      | Noticed Menkaure
  1104 | D:4      | Killed Menkaure
  1105 | D:4      | Reached skill level 7 in Unarmed Combat
  1105 | D:4      | Reached skill level 5 in Shapeshifting
  1189 | D:4      | Reached XP level 7. HP: 52/52 MP: 8/8
  1263 | D:4      | Found a shadowy altar of Dithmenos.
  1281 | D:4      | Gained mutation: You cannot be stealthy. [Ru sacrifice]
  1474 | D:4      | Reached skill level 8 in Unarmed Combat
  1535 | D:4      | Reached XP level 8. HP: 42/59 MP: 9/9
  1624 | D:4      | Reached skill level 9 in Unarmed Combat
  1729 | D:4      | Found a staircase to the Ecumenical Temple.
  1778 | D:5      | Entered Level 5 of the Dungeon
  1984 | D:5      | Found a bloodstained altar of Trog.
  2024 | D:5      | Found an ornate altar of the Wu Jian Council.
  2024 | D:5      | Found a hazy altar of Hepliaklqana.
  2032 | D:5      | Found a faded altar of an unknown god.
  2034 | D:5      | Found a white marble altar of Elyvilon.
  2036 | D:5      | Found a faded altar of an unknown god.
  2081 | D:5      | Noticed Ijyb
  2088 | D:5      | Killed Ijyb
  2178 | D:5      | Found a shimmering altar of Xom.
  2564 | D:5      | Reached skill level 10 in Unarmed Combat
  2692 | D:6      | Found a glowing drain.
  2715 | D:6      | Gained mutation: You passively map the area around you.
                  | [Meteoran growth]
  2715 | D:6      | Reached XP level 9. HP: 49/64 MP: 10/10
  2746 | D:6      | Slain by an orc

Illustrated notes

Levels and vault maps discovered:
D:1:      shiori_arrival_whats_in_store_for_you, layout_basic
D:2:      layout_basic, basic_altar, eino_tiny_chamber
D:3:      layout_basic, minmay_lizard_king
D:4:      minmay_polygon_palace, layout_rooms,
          nicolae_dithmenos_through_a_glass_darkly,
          minmay_temple_entry_nine_rooms, kennysheep_nondescript, uniq_menkaure
D:5:      layout_layer_cave, mainiacjoe_overflow_concentric_impassable,
          mainiacjoe_overflow_tiny_flanked, chequers_temple_overflow_minitemple,
          uniq_ijyb
D:6:      layout_loops_ring, nicolae_tso_carved_into_rock, bloody_makhleb,
          cheibrodos_sewer_entry_drain, nicolae_shop_fire_sale
          [nicolae_sub_dead_trees], nicolae_benzene_ring

Skill      XL: |  1  2  3  4  5  6  7  8  9 |
---------------+----------------------------+-----
Unarmed Combat | 4 5 6 7 8 10 | 10.8
Shapeshifting  | 4 5 6 7 |  7.1
Fighting       | |  1.1
Dodging        | |  2.1

Action                     |  1- 3 |  4- 6 |  7- 9 || total
---------------------------+-------+-------+-------++-------
  Melee: Unarmed           |    57 |    78 |   172 ||   307
         Punch             |     1 |     2 |    12 ||    15
 Invoke: Sacrifice Stealth |       |       |     1 ||     1
    Use: Scroll            |       |     8 |     2 ||    10
         Potion            |       |     1 |       ||     1
 Armour: Animal skin       |     7 |       |       ||     7
         Scale mail        |       |    17 |    30 ||    47
         Skin              |       |     1 |       ||     1
  Dodge: Dodged            |    28 |    55 |   108 ||   191

Table legend: (Time is in decaauts)
 A = Elapsed time spent in this place.
 B = Non-inter-level travel time spent in this place.
 C = Inter-level travel time spent in this place.
 D = Time resting spent in this place.
 E = Time spent auto-exploring this place.
 F = Levels seen in this place.
 G = Mean time per level.
                   A        B        C        D        E       F      G
               +--------+--------+--------+--------+--------+-----+--------+
         Total |   2705 |   2556 |    149 |     32 |   1869 |   6 |  450.8 |
       Dungeon |   2705 |   2556 |    149 |     32 |   1869 |   6 |  450.8 |
               +--------+--------+--------+--------+--------+-----+--------+

Top non-repeatable levels by time:
     D:5: 891 daAuts
     D:4: 704 daAuts
     D:3: 449 daAuts
     D:2: 319 daAuts
     D:1: 276 daAuts
     D:6: 64 daAuts
